Unix NetHack Version 3.7.0-62 Work-in-progress - last build Sep 11 2022 12:50:24 (50a4e0875b74f16bdbec0d79e29a59bb940978ed,branch:master).

Game began 2022-09-16 15:32:02, ended 2022-09-17 08:26:35.

rustyspoon, lawful female human Samurai

  
unexplored area
unexplored area
unexplored area
unexplored area
unexplored area
unexplored area
unexplored area
unexplored area
unexplored area
unexplored area
unexplored area
unexplored area
unexplored area
unexplored area
unexplored area
unexplored area
unexplored area
unexplored area
unexplored area
unexplored area
unexplored area
unexplored area
unexplored area
unexplored area
unexplored area
unexplored area
unexplored area
unexplored area
unexplored area
unexplored area
unexplored area
unexplored area
unexplored area
unexplored area
unexplored area
unexplored area
unexplored area
unexplored area
unexplored area
unexplored area
unexplored area
unexplored area
unexplored area
unexplored area
unexplored area
unexplored area
unexplored area
unexplored area
unexplored area
unexplored area
unexplored area
unexplored area
unexplored area
unexplored area
unexplored area
unexplored area
unexplored area
unexplored area
unexplored area
unexplored area
unexplored area
unexplored area
unexplored area
unexplored area
unexplored area
unexplored area
unexplored area
unexplored area
unexplored area
unexplored area
unexplored area
unexplored area
unexplored area
unexplored area
unexplored area
unexplored area
unexplored area
unexplored area
unexplored area
unexplored area
unexplored area
unexplored area
unexplored area
unexplored area
unexplored area
unexplored area
unexplored area
unexplored area
unexplored area
unexplored area
unexplored area
unexplored area
unexplored area
unexplored area
unexplored area
unexplored area
unexplored area
unexplored area
unexplored area
unexplored area
unexplored area
unexplored area
unexplored area
unexplored area
unexplored area
unexplored area
unexplored area
unexplored area
unexplored area
unexplored area
unexplored area
unexplored area
unexplored area
unexplored area
unexplored area
unexplored area
unexplored area
unexplored area
unexplored area
unexplored area
unexplored area
unexplored area
unexplored area
unexplored area
unexplored area
unexplored area
unexplored area
unexplored area
unexplored area
unexplored area
unexplored area
unexplored area
unexplored area
unexplored area
unexplored area
unexplored area
unexplored area
unexplored area
unexplored area
unexplored area
unexplored area
unexplored area
unexplored area
unexplored area
unexplored area
unexplored area
unexplored area
unexplored area
unexplored area
unexplored area
unexplored area
unexplored area
unexplored area
unexplored area
unexplored area
unexplored area
unexplored area
unexplored area
unexplored area
unexplored area
unexplored area
unexplored area
unexplored area
unexplored area
unexplored area
unexplored area
unexplored area
unexplored area
unexplored area
unexplored area
unexplored area
unexplored area
unexplored area
unexplored area
unexplored area
unexplored area
unexplored area
unexplored area
unexplored area
unexplored area
unexplored area
unexplored area
unexplored area
unexplored area
unexplored area
unexplored area
unexplored area
unexplored area
unexplored area
unexplored area
unexplored area
unexplored area
AAngel of Raijin
Bvampire bat
unexplored area
unexplored area
unexplored area
unexplored area
unexplored area
unexplored area
unexplored area
unexplored area
@barbarian called Chris the Reaver
unexplored area
unexplored area
unexplored area
unexplored area
unexplored area
unexplored area
unexplored area
unexplored area
unexplored area
unexplored area
unexplored area
unexplored area
unexplored area
unexplored area
unexplored area
unexplored area
unexplored area
unexplored area
unexplored area
unexplored area
unexplored area
unexplored area
unexplored area
unexplored area
unexplored area
unexplored area
unexplored area
unexplored area
unexplored area
unexplored area
unexplored area
unexplored area
unexplored area
unexplored area
unexplored area
unexplored area
unexplored area
unexplored area
unexplored area
unexplored area
unexplored area
unexplored area
unexplored area
unexplored area
unexplored area
unexplored area
unexplored area
unexplored area
unexplored area
unexplored area
unexplored area
unexplored area
unexplored area
unexplored area
unexplored area
unexplored area
unexplored area
unexplored area
unexplored area
unexplored area
unexplored area
unexplored area
unexplored area
unexplored area
unexplored area
unexplored area
unexplored area
unexplored area
unexplored area
wall
wall
wall
wall
wall
wall
wall
wall
wall
unexplored area
unexplored area
unexplored area
unexplored area
unexplored area
unexplored area
unexplored area
unexplored area
unexplored area
unexplored area
unexplored area
unexplored area
unexplored area
unexplored area
unexplored area
unexplored area
unexplored area
unexplored area
unexplored area
unexplored area
unexplored area
unexplored area
unexplored area
unexplored area
unexplored area
unexplored area
unexplored area
unexplored area
unexplored area
unexplored area
unexplored area
unexplored area
unexplored area
unexplored area
unexplored area
unexplored area
unexplored area
unexplored area
unexplored area
unexplored area
unexplored area
unexplored area
unexplored area
unexplored area
unexplored area
unexplored area
unexplored area
unexplored area
unexplored area
unexplored area
unexplored area
unexplored area
unexplored area
unexplored area
unexplored area
unexplored area
unexplored area
unexplored area
unexplored area
unexplored area
unexplored area
unexplored area
unexplored area
unexplored area
unexplored area
unexplored area
unexplored area
unexplored area
unexplored area
AAngel of Raijin
wall
.floor of a room
.floor of a room
.floor of a room
.floor of a room
.floor of a room
.floor of a room
.floor of a room
wall
unexplored area
unexplored area
unexplored area
unexplored area
unexplored area
unexplored area
unexplored area
unexplored area
unexplored area
unexplored area
unexplored area
unexplored area
unexplored area
unexplored area
unexplored area
unexplored area
unexplored area
unexplored area
unexplored area
unexplored area
unexplored area
unexplored area
unexplored area
unexplored area
unexplored area
unexplored area
unexplored area
unexplored area
unexplored area
unexplored area
unexplored area
unexplored area
unexplored area
unexplored area
unexplored area
unexplored area
unexplored area
unexplored area
unexplored area
unexplored area
unexplored area
unexplored area
unexplored area
unexplored area
unexplored area
unexplored area
unexplored area
unexplored area
unexplored area
unexplored area
unexplored area
unexplored area
unexplored area
unexplored area
unexplored area
unexplored area
unexplored area
unexplored area
unexplored area
unexplored area
unexplored area
unexplored area
unexplored area
unexplored area
unexplored area
unexplored area
unexplored area
unexplored area
unexplored area
@healer called Kevin the Magister
wall
.floor of a room
.floor of a room
.floor of a room
.floor of a room
.floor of a room
.floor of a room
Rrust monster
wall
AAngel of Susanowo
unexplored area
unexplored area
unexplored area
unexplored area
unexplored area
unexplored area
unexplored area
unexplored area
unexplored area
unexplored area
unexplored area
unexplored area
unexplored area
unexplored area
unexplored area
unexplored area
unexplored area
unexplored area
unexplored area
unexplored area
unexplored area
unexplored area
unexplored area
unexplored area
unexplored area
unexplored area
unexplored area
unexplored area
unexplored area
unexplored area
unexplored area
unexplored area
unexplored area
unexplored area
unexplored area
unexplored area
unexplored area
unexplored area
unexplored area
unexplored area
unexplored area
unexplored area
unexplored area
unexplored area
unexplored area
unexplored area
unexplored area
unexplored area
unexplored area
unexplored area
unexplored area
unexplored area
unexplored area
unexplored area
unexplored area
unexplored area
unexplored area
unexplored area
unexplored area
unexplored area
unexplored area
unexplored area
unexplored area
unexplored area
unexplored area
unexplored area
unexplored area
unexplored area
Apeaceful Angel of Amaterasu Omikami
wall
.floor of a room
Bvampire bat
.floor of a room
@invisible human samurai called rustyspoon
@peaceful high priestess of Amaterasu Omikami
.floor of a room
.floor of a room
wall
unexplored area
unexplored area
unexplored area
unexplored area
unexplored area
unexplored area
unexplored area
unexplored area
unexplored area
unexplored area
unexplored area
unexplored area
unexplored area
unexplored area
unexplored area
unexplored area
unexplored area
unexplored area
unexplored area
unexplored area
unexplored area
unexplored area
unexplored area
unexplored area
unexplored area
unexplored area
unexplored area
unexplored area
unexplored area
unexplored area
unexplored area
unexplored area
unexplored area
unexplored area
unexplored area
unexplored area
unexplored area
unexplored area
unexplored area
unexplored area
unexplored area
unexplored area
unexplored area
unexplored area
unexplored area
unexplored area
unexplored area
unexplored area
unexplored area
unexplored area
unexplored area
unexplored area
unexplored area
unexplored area
unexplored area
unexplored area
unexplored area
unexplored area
unexplored area
unexplored area
unexplored area
unexplored area
unexplored area
unexplored area
unexplored area
unexplored area
unexplored area
unexplored area
unexplored area
unexplored area
wall
.floor of a room
.floor of a room
.floor of a room
.floor of a room
.floor of a room
.floor of a room
.floor of a room
wall
unexplored area
unexplored area
unexplored area
unexplored area
unexplored area
unexplored area
unexplored area
unexplored area
unexplored area
unexplored area
unexplored area
unexplored area
unexplored area
unexplored area
unexplored area
unexplored area
unexplored area
unexplored area
unexplored area
unexplored area
unexplored area
unexplored area
unexplored area
unexplored area
unexplored area
unexplored area
unexplored area
unexplored area
unexplored area
unexplored area
unexplored area
unexplored area
unexplored area
unexplored area
unexplored area
unexplored area
unexplored area
unexplored area
unexplored area
unexplored area
unexplored area
unexplored area
unexplored area
unexplored area
unexplored area
unexplored area
unexplored area
unexplored area
unexplored area
unexplored area
unexplored area
unexplored area
unexplored area
unexplored area
unexplored area
unexplored area
unexplored area
unexplored area
unexplored area
unexplored area
unexplored area
unexplored area
unexplored area
unexplored area
unexplored area
unexplored area
unexplored area
wall
unexplored area
unexplored area
wall
.floor of a room
agiant ant
.floor of a room
@invisible wizard called Eric the Sorcerer
.floor of a room
.floor of a room
.floor of a room
wall
unexplored area
unexplored area
wall
unexplored area
unexplored area
unexplored area
unexplored area
unexplored area
unexplored area
unexplored area
unexplored area
unexplored area
unexplored area
unexplored area
unexplored area
unexplored area
unexplored area
unexplored area
unexplored area
unexplored area
unexplored area
unexplored area
unexplored area
unexplored area
unexplored area
unexplored area
unexplored area
unexplored area
unexplored area
unexplored area
unexplored area
unexplored area
unexplored area
unexplored area
unexplored area
unexplored area
unexplored area
unexplored area
unexplored area
unexplored area
unexplored area
unexplored area
unexplored area
unexplored area
unexplored area
unexplored area
unexplored area
unexplored area
unexplored area
unexplored area
unexplored area
unexplored area
unexplored area
unexplored area
unexplored area
unexplored area
unexplored area
unexplored area
unexplored area
unexplored area
unexplored area
unexplored area
unexplored area
unexplored area
unexplored area
unexplored area
unexplored area
wall
.dark part of a room
unexplored area
wall
wall
wall
wall
.doorway
wall
wall
wall
wall
AAngel of Susanowo
Arenegade Angel of Amaterasu Omikami
wall
unexplored area
unexplored area
unexplored area
unexplored area
unexplored area
unexplored area
unexplored area
unexplored area
unexplored area
unexplored area
unexplored area
unexplored area
unexplored area
unexplored area
unexplored area
unexplored area
unexplored area
unexplored area
unexplored area
unexplored area
unexplored area
unexplored area
unexplored area
unexplored area
unexplored area
unexplored area
unexplored area
unexplored area
unexplored area
unexplored area
unexplored area
unexplored area
unexplored area
unexplored area
unexplored area
unexplored area
unexplored area
unexplored area
unexplored area
unexplored area
unexplored area
unexplored area
unexplored area
unexplored area
unexplored area
unexplored area
unexplored area
unexplored area
unexplored area
unexplored area
unexplored area
unexplored area
unexplored area
unexplored area
unexplored area
unexplored area
unexplored area
unexplored area
unexplored area
unexplored area
unexplored area
unexplored area
unexplored area
unexplored area
wall
@peaceful priestess of Amaterasu Omikami
@priestess of Raijin
.dark part of a room
.dark part of a room
.dark part of a room
asoldier ant
.floor of a room
akiller bee
.dark part of a room
.dark part of a room
agiant beetle
.dark part of a room
.dark part of a room
wall
unexplored area
unexplored area
unexplored area
unexplored area
unexplored area
unexplored area
unexplored area
unexplored area
unexplored area
unexplored area
unexplored area
unexplored area
unexplored area
unexplored area
unexplored area
unexplored area
unexplored area
unexplored area
unexplored area
unexplored area
unexplored area
unexplored area
unexplored area
unexplored area
unexplored area
unexplored area
unexplored area
unexplored area
unexplored area
unexplored area
unexplored area
unexplored area
unexplored area
unexplored area
unexplored area
unexplored area
unexplored area
unexplored area
unexplored area
unexplored area
unexplored area
unexplored area
unexplored area
unexplored area
unexplored area
unexplored area
unexplored area
unexplored area
unexplored area
unexplored area
unexplored area
unexplored area
unexplored area
unexplored area
unexplored area
unexplored area
unexplored area
unexplored area
unexplored area
unexplored area
unexplored area
unexplored area
unexplored area
unexplored area
wall
wall
wall
.dark part of a room
.dark part of a room
agiant ant
agiant beetle
akiller bee, can't move (paralyzed or sleeping or busy)
asoldier ant
@priestess of Raijin
Uumber hulk
@priestess of Susanowo, can't move (paralyzed or sleeping or busy)
wall
wall
wall
unexplored area
unexplored area
unexplored area
unexplored area
unexplored area
unexplored area
unexplored area
unexplored area
unexplored area
unexplored area
unexplored area
unexplored area
unexplored area
unexplored area
unexplored area
unexplored area
unexplored area
unexplored area
unexplored area
unexplored area
unexplored area
unexplored area
unexplored area
unexplored area
unexplored area
unexplored area
unexplored area
unexplored area
unexplored area
unexplored area
unexplored area
unexplored area
unexplored area
unexplored area
unexplored area
unexplored area
unexplored area
unexplored area
unexplored area
unexplored area
unexplored area
unexplored area
unexplored area
unexplored area
unexplored area
unexplored area
unexplored area
unexplored area
unexplored area
unexplored area
unexplored area
unexplored area
unexplored area
unexplored area
unexplored area
unexplored area
unexplored area
unexplored area
unexplored area
unexplored area
unexplored area
unexplored area
unexplored area
unexplored area
unexplored area
unexplored area
wall
wall
wall
wall
wall
agiant ant
wall
wall
wall
wall
wall
unexplored area
unexplored area
unexplored area
unexplored area
unexplored area
unexplored area
unexplored area
unexplored area
unexplored area
unexplored area
unexplored area
unexplored area
unexplored area
unexplored area
unexplored area
unexplored area
unexplored area
unexplored area
unexplored area
unexplored area
unexplored area
unexplored area
unexplored area
unexplored area
unexplored area
unexplored area
unexplored area
unexplored area
unexplored area
unexplored area
unexplored area
unexplored area
unexplored area
unexplored area
unexplored area
unexplored area
unexplored area
unexplored area
unexplored area
unexplored area
unexplored area
unexplored area
unexplored area
unexplored area
unexplored area
unexplored area
unexplored area
unexplored area
unexplored area
unexplored area
unexplored area
unexplored area
unexplored area
unexplored area
unexplored area
unexplored area
unexplored area
unexplored area
unexplored area
unexplored area
unexplored area
unexplored area
unexplored area
unexplored area
unexplored area
unexplored area
unexplored area
unexplored area
unexplored area
unexplored area
unexplored area
unexplored area
AAngel of Moloch
.dark part of a room
AAngel of Moloch
asoldier ant
unexplored area
unexplored area
unexplored area
unexplored area
unexplored area
unexplored area
unexplored area
unexplored area
unexplored area
unexplored area
unexplored area
unexplored area
unexplored area
unexplored area
unexplored area
unexplored area
unexplored area
unexplored area
unexplored area
unexplored area
unexplored area
unexplored area
unexplored area
unexplored area
unexplored area
unexplored area
unexplored area
unexplored area
unexplored area
unexplored area
unexplored area
unexplored area
unexplored area
unexplored area
unexplored area
unexplored area
unexplored area
unexplored area
unexplored area
unexplored area
unexplored area
unexplored area
unexplored area
unexplored area
unexplored area
unexplored area
unexplored area
unexplored area
unexplored area
unexplored area
unexplored area
unexplored area
unexplored area
unexplored area
unexplored area
unexplored area
unexplored area
unexplored area
unexplored area
unexplored area
unexplored area
unexplored area
unexplored area
unexplored area
unexplored area
unexplored area
unexplored area
unexplored area
unexplored area
unexplored area
unexplored area
unexplored area
unexplored area
unexplored area
unexplored area
.dark part of a room
.dark part of a room
.dark part of a room
unexplored area
unexplored area
unexplored area
unexplored area
unexplored area
unexplored area
unexplored area
unexplored area
unexplored area
unexplored area
unexplored area
unexplored area
unexplored area
unexplored area
unexplored area
unexplored area
unexplored area
unexplored area
unexplored area
unexplored area
unexplored area
unexplored area
unexplored area
unexplored area
unexplored area
unexplored area
unexplored area
unexplored area
unexplored area
unexplored area
unexplored area
unexplored area
unexplored area
unexplored area
unexplored area
unexplored area
unexplored area
unexplored area
unexplored area
unexplored area
unexplored area
unexplored area
unexplored area
unexplored area
unexplored area
unexplored area
unexplored area
unexplored area
unexplored area
unexplored area
unexplored area
unexplored area
unexplored area
unexplored area
unexplored area
unexplored area
unexplored area
unexplored area
unexplored area
unexplored area
unexplored area
unexplored area
unexplored area
unexplored area
unexplored area
unexplored area
unexplored area
unexplored area
unexplored area
unexplored area
unexplored area
unexplored area
unexplored area
unexplored area
unexplored area
unexplored area
.dark part of a room
.dark part of a room
.dark part of a room
unexplored area
unexplored area
unexplored area
unexplored area
wall
.dark part of a room
.dark part of a room
.dark part of a room
unexplored area
unexplored area
unexplored area
unexplored area
unexplored area
unexplored area
unexplored area
unexplored area
unexplored area
unexplored area
unexplored area
unexplored area
unexplored area
unexplored area
unexplored area
unexplored area
unexplored area
unexplored area
unexplored area
unexplored area
unexplored area
unexplored area
unexplored area
unexplored area
unexplored area
unexplored area
unexplored area
unexplored area
unexplored area
unexplored area
unexplored area
unexplored area
unexplored area
unexplored area
unexplored area
unexplored area
unexplored area
unexplored area
unexplored area
unexplored area
unexplored area
unexplored area
unexplored area
unexplored area
unexplored area
unexplored area
unexplored area
unexplored area
unexplored area
unexplored area
unexplored area
unexplored area
unexplored area
unexplored area
unexplored area
unexplored area
unexplored area
unexplored area
unexplored area
unexplored area
unexplored area
unexplored area
unexplored area
unexplored area
unexplored area
unexplored area
unexplored area
unexplored area
.dark part of a room
.dark part of a room
.dark part of a room
unexplored area
unexplored area
unexplored area
wall
wall
.dark part of a room
.dark part of a room
.dark part of a room
unexplored area
unexplored area
unexplored area
unexplored area
unexplored area
unexplored area
unexplored area
unexplored area
unexplored area
unexplored area
unexplored area
unexplored area
unexplored area
unexplored area
unexplored area
unexplored area
unexplored area
unexplored area
unexplored area
unexplored area
unexplored area
unexplored area
unexplored area
unexplored area
unexplored area
unexplored area
unexplored area
unexplored area
unexplored area
unexplored area
unexplored area
unexplored area
unexplored area
unexplored area
unexplored area
unexplored area
unexplored area
unexplored area
unexplored area
unexplored area
unexplored area
unexplored area
unexplored area
unexplored area
unexplored area
unexplored area
unexplored area
unexplored area
unexplored area
unexplored area
unexplored area
unexplored area
unexplored area
unexplored area
unexplored area
unexplored area
unexplored area
unexplored area
unexplored area
unexplored area
unexplored area
unexplored area
unexplored area
unexplored area
unexplored area
unexplored area
unexplored area
unexplored area
.dark part of a room
.dark part of a room
.dark part of a room
unexplored area
unexplored area
wall
wall
.dark part of a room
.dark part of a room
.dark part of a room
.dark part of a room
unexplored area
unexplored area
unexplored area
unexplored area
unexplored area
unexplored area
unexplored area
unexplored area
unexplored area
unexplored area
unexplored area
unexplored area
unexplored area
unexplored area
unexplored area
unexplored area
unexplored area
unexplored area
unexplored area
unexplored area
unexplored area
unexplored area
unexplored area
unexplored area
unexplored area
unexplored area
unexplored area
unexplored area
unexplored area
unexplored area
unexplored area
unexplored area
unexplored area
unexplored area
unexplored area
unexplored area
unexplored area
unexplored area
unexplored area
unexplored area
unexplored area
unexplored area
unexplored area
unexplored area
unexplored area
unexplored area
unexplored area
unexplored area
unexplored area
unexplored area
unexplored area
unexplored area
unexplored area
unexplored area
unexplored area
unexplored area
unexplored area
unexplored area
unexplored area
unexplored area
unexplored area
unexplored area
unexplored area
unexplored area
unexplored area
unexplored area
unexplored area
unexplored area
wall
|open door
wall
wall
wall
wall
.dark part of a room
.dark part of a room
.dark part of a room
unexplored area
unexplored area
unexplored area
unexplored area
unexplored area
unexplored area
unexplored area
unexplored area
unexplored area
unexplored area
unexplored area
unexplored area
unexplored area
unexplored area
unexplored area
unexplored area
unexplored area
unexplored area
unexplored area
unexplored area
unexplored area
unexplored area
unexplored area
unexplored area
unexplored area
unexplored area
unexplored area
unexplored area
unexplored area
unexplored area
unexplored area
unexplored area
unexplored area
unexplored area
unexplored area
unexplored area
unexplored area
unexplored area
unexplored area
unexplored area
unexplored area
unexplored area
unexplored area
unexplored area
unexplored area
unexplored area
unexplored area
unexplored area
unexplored area
unexplored area
unexplored area
unexplored area
unexplored area
unexplored area
unexplored area
unexplored area
unexplored area
unexplored area
unexplored area
unexplored area
unexplored area
unexplored area
unexplored area
unexplored area
unexplored area
unexplored area
unexplored area
unexplored area
unexplored area
unexplored area
.dark part of a room
%Famine's corpse
.dark part of a room
.dark part of a room
.dark part of a room
.dark part of a room
.dark part of a room
.dark part of a room
unexplored area
unexplored area
unexplored area
unexplored area
unexplored area
unexplored area
unexplored area
unexplored area
unexplored area
unexplored area
unexplored area
unexplored area
unexplored area
unexplored area
unexplored area
unexplored area
unexplored area
unexplored area
unexplored area
unexplored area
unexplored area
unexplored area
unexplored area
unexplored area
unexplored area
unexplored area
unexplored area
unexplored area
unexplored area
unexplored area
unexplored area
unexplored area
unexplored area
unexplored area
unexplored area
unexplored area
unexplored area
unexplored area
unexplored area
unexplored area
unexplored area
unexplored area
unexplored area
unexplored area
unexplored area
unexplored area
unexplored area
unexplored area
unexplored area
unexplored area
unexplored area
unexplored area
unexplored area
unexplored area
unexplored area
unexplored area
unexplored area
unexplored area
unexplored area
unexplored area
unexplored area
unexplored area
unexplored area
unexplored area
unexplored area
unexplored area
unexplored area
unexplored area
unexplored area
unexplored area
unexplored area
wall
wall
wall
wall
wall
wall
wall
unexplored area
unexplored area
unexplored area
unexplored area
unexplored area
unexplored area
unexplored area
unexplored area
unexplored area
unexplored area
unexplored area
unexplored area
unexplored area
unexplored area
unexplored area
unexplored area
unexplored area
unexplored area
unexplored area
unexplored area
unexplored area
unexplored area
unexplored area
unexplored area
unexplored area
unexplored area
unexplored area
unexplored area
unexplored area
unexplored area
unexplored area
unexplored area
unexplored area
unexplored area
[Rustyspoon the Ryoshu ] St:25 Dx:18 Co:18 In:18 Wi:18 Ch:11 Lawful Astral Plane $:0 HP:303(305) Pw:36(36) AC:-29 Xp:15 T:34527 Satiated

Latest messages:

You hear a nearby zap.
The wand misses the killer bee.
The wand hits the giant ant!
You kill the killer bee!
The killer bee misses!
You hear a nearby zap.
The wand misses the killer bee.
Boing!
The wand misses the priestess of Susanowo.
You kill the priestess of Susanowo!
There are several objects here.
The priestess of Raijin zaps a wand of sleep!
The sleep ray whizzes by you!
The sleep ray hits the umber hulk.
The sleep ray hits the priestess of Susanowo.
The killer bee misses!
The Angel of Susanowo drinks a potion of gain level!
The Angel of Susanowo seems more experienced.
You hear a chugging sound.
The priestess of Raijin casts a spell!
The priestess of Raijin summons insects!
The priestess of Raijin zaps a wand of sleep!
The sleep ray misses the giant beetle.
The sleep ray hits the killer bee.
The sleep ray misses the killer bee.
The sleep ray hits the umber hulk.
You hear a mumbled curse.
You hear a mumbled curse.
What do you want to zap? [nzGIN or ?*]
In what direction?
The door is razed!
The high priestess intones:
"Pilgrim, you enter a sacred place!"
The giant ant turns to flee.
Eric the invisible Sorcerer turns to flee.
You hear a mumbled curse.
You hear a mumbled curse.
You hear a nearby zap.
The wand hits the killer bee!
The wand hits the giant ant!
The wand misses the killer bee.
The rust monster turns to flee.
There is a high altar to Amaterasu Omikami (lawful) here.
What do you want to sacrifice? [Z or ?*]
You offer the Amulet of Yendor to Amaterasu Omikami...
An invisible choir sings, and you are bathed in radiance...
The voice of Amaterasu Omikami thunders: "Mortal, thou hast done well!"
"In return for thy service, I grant thee the gift of Immortality!"
You ascend to the status of Demigoddess...
Do you want your possessions identified? [ynq] (y)

Inventory:

Amulets

H - a blessed amulet of life saving (being worn)

Weapons

a - the blessed rustproof +6 Excalibur (wielded in right hand)
w - a blessed rustproof +6 katana (wielded in left hand)

Armor

A - a cursed greased fireproof +4 T-shirt with text "The Werewolves" named "The Werewolves" (being worn)
B - a blessed +5 silver dragon scale mail (being worn)
C - a blessed fireproof +4 cloak of magic resistance (being worn)
D - a cursed fireproof +4 pair of speed boots (being worn)
E - a blessed rustproof +4 pair of gauntlets of power (being worn)
F - a blessed greased rustproof +4 helm of telepathy (being worn)

Comestibles

L - an uncursed lizard corpse named KFC

Scrolls

Y - an uncursed scroll of teleportation

Spellbooks

y - the uncursed Book of the Dead

Rings

K - a blessed ring of conflict (on right hand)
V - a blessed ring of free action (on left hand)

Wands

n - an uncursed wand of teleportation (3:7)
z - an uncursed wand of digging (0:2)
G - an uncursed wand of death (0:5)
I - an uncursed wand of death (0:2)
N - an uncursed wand of digging (0:6)

Tools

b - a blessed bag of holding containing 110 items
d - an uncursed magic marker (0:14)
e - a blessed stethoscope
k - an uncursed skeleton key
l - the uncursed Bell of Opening (0:0)
m - the cursed Candelabrum of Invocation (0 of 7 candles attached)
t - a blessed blindfold
u - a blessed +0 unicorn horn named hL;g

Gems/Stones

x - a blessed luckstone

Contents of the bag of holding:

an uncursed amulet of life saving
an uncursed amulet of life saving
an uncursed amulet of life saving
an uncursed amulet of life saving
an uncursed amulet of life saving
a blessed amulet of magical breathing
the uncursed rustproof +2 Magicbane
an uncursed +0 bullwhip
an uncursed thoroughly rusty +0 helm of opposite alignment
an uncursed burnt +0 pair of jumping boots
an uncursed -1 pair of water walking boots
an uncursed eucalyptus leaf
7 uncursed gunyoki
13 uncursed tripe rations
an uncursed lizard corpse named MCD
6 blessed scrolls of blank paper
6 uncursed scrolls of blank paper
a cursed scroll of blank paper
a blessed scroll of charging
an uncursed scroll of create monster
a cursed scroll of create monster
3 uncursed scrolls of create monster
a blessed scroll of earth
an uncursed scroll of earth
a cursed scroll of identify
2 uncursed scrolls of light
an uncursed scroll of magic mapping
an uncursed scroll of remove curse
an uncursed scroll of taming
a cursed scroll of teleportation
18 potions of holy water
5 uncursed potions of water
4 potions of unholy water
4 blessed diluted potions of full healing
an uncursed diluted potion of full healing
2 uncursed potions of healing
4 blessed potions of levitation
2 uncursed potions of paralysis
2 uncursed potions of restore ability
an uncursed ring of conflict
an uncursed ring of conflict
an uncursed ring of free action
an uncursed ring of free action
a blessed ring of levitation
a blessed ring of levitation
an uncursed ring of levitation
an uncursed ring of levitation
an uncursed ring of polymorph
a blessed ring of teleport control
an uncursed ring of teleport control
an uncursed ring of teleport control
an uncursed ring of teleport control
an uncursed wand of slow monster (0:7)
an uncursed wand of slow monster (0:7)
an uncursed wand of cold (0:4)
an uncursed wand of cold (0:6)
an uncursed wand of cold (0:4)
an uncursed wand of cold (0:5)
an uncursed wand of cold (0:1)
an uncursed wand of cold (0:2)
an uncursed wand of death (1:8)
an uncursed wand of death (0:6)
an uncursed wand of death (1:5)
an uncursed wand of death (0:2)
an uncursed wand of digging (0:7)
an uncursed wand of digging (0:7)
an uncursed wand of digging (0:0)
an uncursed wand of digging (0:6)
an uncursed wand of digging (0:3)
an uncursed wand of digging (0:0)
an uncursed wand of digging (0:5)
an uncursed wand of digging (1:0)
an uncursed wand of digging (0:6)
an uncursed wand of fire (0:1)
an uncursed wand of fire (0:2)
an uncursed wand of fire (0:5)
an uncursed wand of fire (0:5)
an uncursed wand of fire (1:5)
an uncursed wand of fire (0:0)
an uncursed wand of fire (0:3)
an uncursed wand of fire (0:2)
an uncursed wand of fire (0:6)
an uncursed wand of fire (0:4)
a blessed wand of lightning (0:2)
an uncursed wand of lightning (0:7)
an uncursed wand of lightning (0:3)
an uncursed wand of lightning (0:4)
an uncursed wand of lightning (0:6)
an uncursed wand of lightning (0:6)
an uncursed wand of polymorph (0:8)
an uncursed wand of polymorph (0:8)
an uncursed wand of polymorph (0:3)
an uncursed wand of secret door detection (0:13)
an uncursed wand of secret door detection (0:12)
an uncursed wand of sleep (0:7)
an uncursed wand of sleep (1:8)
an uncursed wand of sleep (0:7)
an uncursed wand of teleportation (1:3)
an uncursed wand of teleportation (0:6)
an uncursed wand of teleportation (0:7)
an uncursed wand of teleportation (2:7)
an uncursed wand of wishing (1:3)
an empty uncursed sack named cancellation
an uncursed bugle
an uncursed partly used wax candle
2 uncursed tallow candles
5 cursed wax candles
an uncursed leash
an uncursed magic marker (0:81)
an uncursed +0 pick-axe

Rustyspoon the Samurai's attributes:


Background:

You were a Ryoshu, a level 15 female human Samurai.
You were lawful, on a mission for Amaterasu Omikami
who was opposed by Raijin (neutral) and Susanowo (chaotic).
You were in the endgame, on the Astral Plane.
You entered the dungeon 34527 turns ago.
You had 243701 experience points, 76299 more were needed to attain level 16.

Basics:

You had 303 out of 305 hit points.
You had all 36 energy points (spell power).
Your armor class was -29.
Your wallet was empty.
Autopickup was on for '?!' plus thrown, with exceptions.

Final Characteristics:

Your strength was 25 (base:18/19, peak:18/20, innate limit:18/100).
Your dexterity was 18 (limit:18).
Your constitution was 18 (limit:18).
Your intelligence was 18 (limit:18).
Your wisdom was 18 (limit:18).
Your charisma was 11 (limit:18).

Final Status:

You were satiated.
You were unencumbered.
You were wielding two weapons at once.
Your skill in long sword was limited by being skilled with two weapons.
You could have enhanced skill with two weapons.

Final Attributes:

You were piously aligned.
You were magic-protected.
You were fire resistant.
You were cold resistant.
You were sleep resistant.
You were disintegration-resistant.
You were shock resistant.
You were poison resistant.
You were level-drain resistant.
You saw invisible.
You were telepathic.
You had automatic searching.
You were invisible to others.
You were stealthy.
You caused conflict.
You could teleport.
You had a small defense bonus (+1).
You were warded.
You were very fast.
You had reflection.
You had free action.
Your life would have been saved.
You were extremely lucky.
You had extra luck.
Good luck did not time out for you.
You survived.

Miscellaneous:
You encountered 2 bones levels.
Total elapsed playing time was 5 hours, 5 minutes and 3 seconds.

Major events:

Turn

1: rustyspoon the lawful female human Samurai entered the dungeon
665: attained the rank of Ronin (level 3)
959: entered the Gnomish Mines
1582: destroyed quervo1's ghost, the former Conjurer
2306: attained the rank of Kunoichi (level 6)
2575: reached Mine Town
6611: entered Sokoban
7445: completed 1st Sokoban level
8497: completed 2nd Sokoban level
8787: completed 3rd Sokoban level
10383: was bestowed with Snickersnee by Amaterasu Omikami
10865: completed 4th Sokoban level
11147: attained the rank of Joshu (level 10)
13400: acquired the Mines' End luckstone
14502: was bestowed with Ogresmasher by Amaterasu Omikami
15726: received Excalibur from a strange woman laying about in a pond
20280: destroyed WizzyTheWeird's ghost, the former Enchanter
20282: found the Orb of Fate on the floor
20283: found the Eye of the Aethiopica on the floor
20283: found Magicbane on the floor
21149: made her first wish - "blessed greased +2 silver dragon scale mail", got "a greased silver dragon scale mail"
21163: performed her first genocide (class h)
21165: genocided class L
23812: killed Medusa
23890: attained the rank of Ryoshu (level 14)
24448: entered Gehennom
27183: killed Ashikaga Takauji
27186: found the Tsurugi of Muramasa on the floor
27187: acquired the Bell of Opening
28311: wished for "blessed fixed greased +2 helm of telepathy", got "a greased plumed helmet"
28371: wished for "blessed greased fixed +2 t-shirt", got "a greased T-shirt"
29675: killed Juiblex
29900: killed the invisible Asmodeus
30857: destroyed the invisible Vlad the Impaler
30859: acquired the Candelabrum of Invocation
31053: bribed Baalzebub with 31 zorkmids for safe passage
31225: killed Orcus
32896: killed the Wizard of Yendor
32903: acquired the Book of the Dead
32982: performed the invocation
32990: killed the Wizard of Yendor (2nd time)
33155: killed the high priest of Moloch
33169: acquired The Amulet of Yendor
34220: entered the Elemental Planes
34220: entered Plane of Earth
34221: killed the Wizard of Yendor (3rd time)
34304: entered Plane of Air
34354: entered Plane of Fire
34382: entered Plane of Water
34386: genocided class ;
34416: genocided class g
34501: entered the Astral Plane
34510: killed Famine
34527: ascended

Vanquished creatures:

Asmodeus
Orcus
Juiblex
the Wizard of Yendor (thrice)
Famine
Vlad the Impaler
a high cleric
a mastodon
Medusa
17 krakens
an iron golem
2 storm giants
a glass golem
a balrog
4 purple worms
2 silver dragons
a red dragon
2 white dragons
an orange dragon
2 black dragons
2 blue dragons
a green dragon
5 yellow dragons
10 minotaurs
a jabberwock
Ashikaga Takauji
3 baluchitheria
an Olog-hai
2 Nazgul
3 pit fiends
a sandestin
a hell hound
5 displacer beasts
6 trappers
a genetic engineer
20 vampire leaders
3 skeletons
8 aligned clerics
3 captains
6 shades
3 nurses
an ice devil
a nalfeshnee
2 lurkers above
3 ettins
3 black puddings
22 vampires
4 lieutenants
34 ghosts
10 samurai
2 queen bees
2 winged gargoyles
12 giant mimics
9 zruties
2 fire giants
2 ogre tyrants
an ice troll
8 rock trolls
3 umber hulks
2 flesh golems
2 elven monarchs
4 doppelgangers
9 hezrous
5 bone devils
9 large mimics
a wumpus
2 fire vortices
29 stalkers
an air elemental
10 earth elementals
8 water elementals
4 hill giants
3 giant mummies
2 black nagas
6 xorns
11 giant zombies
5 elf-nobles
4 sergeants
4 barbed devils
2 vrocks
3 salamanders
14 wargs
2 winter wolves
2 hell hound pups
20 small mimics
2 glass piercers
5 warhorses
3 steam vortices
9 xans
2 ettin mummies
4 ogre leaders
3 quantum mechanics
28 trolls
2 wood golems
3 erinyes
a marilith
8 sharks
8 electric eels
3 pyrolisks
4 large dogs
a freezing sphere
7 flaming spheres
3 shocking spheres
a large cat
5 tigers
a gargoyle
a tengu
5 ochre jellies
9 leocrottas
an energy vortex
2 mountain centaurs
a stone giant
3 elf mummies
5 human mummies
a red naga
2 green slimes
2 pythons
3 pit vipers
5 cobras
34 wraiths
a carnivorous ape
13 ettin zombies
4 Grey-elves
62 soldiers
2 amorous demons
9 horned devils
a chameleon
a crocodile
12 giant beetles
3 quivering blobs
15 cockatrices
59 wolves
3 winter wolf cubs
3 lynxes
2 panthers
38 gremlins
a spotted jelly
10 leprechauns
2 orc-captains
3 iron piercers
4 mumakil
6 giant spiders
4 scorpions
4 horses
an ice vortex
4 black lights
11 vampire bats
4 forest centaurs
6 gnome rulers
an orc mummy
2 dwarf mummies
3 ogres
6 brown puddings
7 rust monsters
8 owlbears
3 yetis
2 gold golems
4 werewolves
7 Green-elves
6 piranha
21 giant eels
12 lizards
22 ninja
a chickatrice
3 dogs
3 housecats
3 jaguars
a dwarf leader
3 blue jellies
2 gray unicorns
a black unicorn
9 dust vortices
4 ravens
3 plains centaurs
4 gnome mummies
5 snakes
4 apes
14 human zombies
5 rope golems
6 Woodland-elves
9 soldier ants
3 fire ants
2 bugbears
5 imps
3 lemures
4 quasits
5 wood nymphs
5 water nymphs
4 mountain nymphs
9 Mordor orcs
3 orc shamans
9 rock piercers
5 rock moles
2 ponies
3 fog clouds
6 yellow lights
a shrieker
2 violet fungi
18 gnome leaders
6 gnomish wizards
3 kobold mummies
3 gray oozes
2 barrow wights
12 elf zombies
13 ghouls
a paper golem
7 jellyfish
19 giant ants
7 little dogs
6 floating eyes
13 dwarves
2 homunculi
3 kobold leaders
a kobold shaman
15 hill orcs
10 rothes
a rabid rat
3 centipedes
3 giant bats
2 monkeys
12 orc zombies
17 dwarf zombies
a wererat
10 iguanas
39 killer bees
2 acid blobs
6 coyotes
4 gas spores
9 hobbits
6 manes
2 large kobolds
9 hobgoblins
8 giant rats
5 cave spiders
2 brown molds
3 yellow molds
2 red molds
63 gnomes
3 garter snakes
12 gnome zombies
9 geckos
11 jackals
3 foxes
7 kobolds
3 goblins
7 grid bugs
6 bats
5 lichens
9 kobold zombies
6 newts
1567 creatures vanquished.

Genocided or extinct species:

gremlins
gargoyles
winged gargoyles
hobbits
dwarves
bugbears
dwarf leaders
dwarf rulers
mind flayers
master mind flayers
liches
demiliches
master liches
arch-liches
erinyes (extinct)
jellyfish
piranha
sharks
giant eels
electric eels
krakens
20 species genocided.
1 species extinct.

Voluntary challenges:

You read items or engraved 128 times.
You engraved Elbereth 6 times.
You genocided 20 types of monsters.
You never changed form.
You used 3 wishes.
You did not wish for any artifacts.
You did not violate any of the special Sokoban rules.

Achievements:

You attained the rank of Ronin.
You entered the Gnomish Mines.
You attained the rank of Kunoichi.
You entered Minetown.
You entered a shop.
You entered a temple.
You entered Sokoban.
You attained the rank of Joshu.
You completed the Gnomish Mines.
You defeated Medusa.
You attained the rank of Ryoshu.
You entered Gehennom.
You learned the tune to open and close the Castle's drawbridge.
You had the Bell of Opening.
You had the Candelabrum of Invocation.
You had the Book of the Dead.
You gained access to Moloch's Sanctum.
You reached the Elemental Planes.
You reached the Astral Plane.
You delivered the Amulet of Yendor.
You ascended!

The Elemental Planes:

   Astral Plane: <- You are here.
A temple to Amaterasu Omikami.
Plane of Water:
Plane of Fire:
Plane of Air:
Plane of Earth:

The Dungeons of Doom: levels 1 to 26

   Level 1: "2 fake bones"
One way stairs up to The Elemental Planes.
Level 2:
Level 3:
A fountain.
Level 4:
A grave.
Stairs down to The Gnomish Mines.
Level 5:
A potion shop, an altar to Amaterasu Omikami.
Level 6:
A sink.
Level 7:
A fountain.
Level 8:
A fountain.
Oracle of Delphi.
Level 9: "backup mithril _"
A potion shop, an altar to Amaterasu Omikami.
Stairs up to Sokoban, level 8.
Level 10:
Level 11:
A temple to Amaterasu Omikami, a fountain.
Level 12: "ascension kit rings in store"
A jewelers, an altar to Amaterasu Omikami.
Level 13:
A fountain.
Level 14:
A fountain, a grave.
Level 15:
A primitive area.
Portal to The Quest.
Level 16:
Level 17:
A temple to Amaterasu Omikami.
Final resting place for
WizzyTheWeird-Wiz-Hum-Mal-Neu, killed by a touch of death.
Level 18:
Level 19:
An altar to Amaterasu Omikami.
Level 20:
Many graves.
Level 21:
Level 22:
Level 23:
A fountain.
Level 24:
Level 25:
Level 26:
A fountain.
The castle (play notes "CFEGE" to open or close drawbridge).
Connection to Gehennom.

Gehennom: levels 27 to 46

   Level 27: "gem stash chest _"
A temple, many graves.
Valley of the Dead.
Level 28:
Level 29:
Level 30:
Level 31:
Level 32:
Level 33:
Level 34:
Level 35:
Stairs up to Vlad's Tower, level 34.
Level 36:
Some shops, an altar, many graves.
Level 37:
Level 38:
Level 39:
Level 40:
Level 41:
Level 42:
Level 43:
Level 44:
Level 45:
Level 46:
A temple, many graves.
Moloch's Sanctum.

The Gnomish Mines: levels 5 to 12

   Level 5: "stash >"
A grave.
Final resting place for
quervo1-Wiz-Hum-Mal-Neu, killed by a dwarf lord.
Level 6:
Level 7:
Many shops, a temple, some fountains, some trees.
Level 8:
Level 9: "backup sack"
Level 10:
Level 11:
Level 12:
A fountain.

The Quest: levels 1 to 5

   Level 1: "! chest"
Completed quest for Lord Sato.
Level 2:
Level 3:
Level 4:
Level 5:

Sokoban: levels 8 up to 5

   Level 5: "backup holding"
Solved.
Level 6:
Solved.
Level 7:
Solved.
Level 8:
Solved.

Vlad's Tower: levels 34 up to 32

   Level 32:
Level 33:
Level 34:

Sayonara rustyspoon the Demigoddess...


You went to your reward with 1680016 points,
Excalibur (worth 4000 zorkmids and 10000 points)
Magicbane (worth 3500 zorkmids and 8750 points)
The Bell of Opening (worth 5000 zorkmids and 12500 points)
The Candelabrum of Invocation (worth 5000 zorkmids and 12500 points)
The Book of the Dead (worth 10000 zorkmids and 25000 points)
and 0 pieces of gold, after 34527 moves.
You were level 15 with a maximum of 305 hit points when you ascended.